 Dungeon Crawl Stone Soup version 0.31-a0-986-g5e6e4ef867 (webtiles) character file.

Game seed: 8099353206719084657

270 Naiya55 the Chopper (level 6, -6/51 HPs)
             Began as a Formicid Fighter on Nov 5, 2023.
             Mangled by a sleepcap (17 damage)
             ... on level 4 of the Dungeon.
             The game lasted 00:02:31 (2148 turns).

Naiya55 the Chopper (Formicid Fighter)              Turns: 2148, Time: 00:02:31

Health: -6/51      AC:  9    Str: 23    XL:     6   Next: 47%
Magic:  6/6        EV:  2    Int:  7    God:
Gold:   185        SH:  0    Dex: 13    Spells: 5/5 levels left

rFire   . . .        a - +0 war axe
rCold   . . .        c - +0 buckler
rNeg    . . .        i - +0 chain mail
rPois   .            (helmet unavailable)
rElec   .            (no cloak)
rCorr   .            (no gloves)
SInv    +            (no boots)
Will    .....        (no amulet) Stlth
                     (no ring)
HPRegen 0.28/turn    (no ring)
MPRegen 0.10/turn

%: no passive effects
@: sleeping
A: permanent stasis, dig shafts and tunnels, antennae 3, four strong arms
a: Dig, Shaft Self


You were on level 4 of the Dungeon.
You visited 1 branch of the dungeon, and saw 4 of its levels.

You collected 185 gold pieces.

Inventory:

Hand Weapons
 a - a +0 war axe (weapon)
Armour
 c - a +0 buckler (worn)
 i - a +0 chain mail (worn)
Jewellery
 h - a ring of protection from fire
 p - a ring of ice
Scrolls
 e - a scroll of brand weapon {unknown}
 f - 3 scrolls of teleportation {unknown}
 k - 4 scrolls of identify {unknown}
 l - a scroll of amnesia {unknown}
 n - a scroll of noise {unknown}
 o - a scroll of fear {unknown}
Potions
 b - a potion of attraction {unknown}
 d - a potion of might
 g - 2 potions of brilliance {unknown}
 j - 2 potions of curing {unknown}
 m - a potion of heal wounds {unknown}
 q - a potion of mutation {unknown}
 r - a potion of lignification {unknown}


   Skills:
 + Level 5.0 Fighting
 * Level 5.3 Axes
 - Level 3.2 Armour
 - Level 4.0 Shields


You had 5 spell levels left.
You didn't know any spells.
Your spell library contained the following spells:

 Spells                   Type           Power      Damage    Failure   Level
 Shock                    Conj/Air       0%         1d3       98%         1
 Airstrike                Air            0%         2d(0-16)  100%        4
 Swiftness                Air            Unusable   N/A       N/A         3

Dungeon Overview and Level Annotations

Branches:
Dungeon (4/15)
 Temple: D:4-7

Altars:

Shops:
D:3 *


Innate Abilities, Weirdness & Mutations

You cannot be hasted, slowed, berserked, paralysed or teleported.
You can dig through walls and to a lower floor.
You have a pair of large antennae on your head. (SInv)
Your four strong arms can wield two-handed weapons with a shield.


Message History

You are too injured to fight recklessly!
You are too injured to fight recklessly!
You hit the scorpion.
The scorpion is almost dead.
You feel sick.
The scorpion stings you but does no damage.
You block the scorpion's attack.
You closely miss the scorpion.
The scorpion is almost dead.
You feel sick.
You are no longer poisoned.
The scorpion stings you.
You hit the scorpion.
You kill the scorpion!
You hit the sleepcap. The sleepcap barely misses you.
Your Fighting skill increases to level 5!
Your Axes skill increases to level 5!
You hit the sleepcap but do no damage.
The sleepcap is lightly damaged.
The sleepcap releases spores at you but does no damage.
The sleepcap closely misses you.
You hit the sleepcap.
The sleepcap is moderately damaged.
You block the sleepcap's attack.
You hit the sleepcap but do no damage.
The sleepcap is moderately damaged.
A quokka comes into view.
The sleepcap releases spores at you but does no damage.
You slash the sleepcap!
The sleepcap is severely damaged.
The sleepcap releases spores at you!
* * * LOW HITPOINT WARNING * * *
You hit the sleepcap.
The sleepcap is severely damaged.
The sleepcap releases spores at you.
* * * LOW HITPOINT WARNING * * *
You are engulfed in a cloud of soporific spores!
You fall asleep.
The sleepcap releases spores at you!
You die...

#...####### ...#.....#
?........# # ........#
####. ........#
.....##.........
........†.# w...
#..#.#..... #.
##)@..r.... ###.
###.)f†...#.. ...
###......##.)..
##.#####..............
#.....................
#..........#.........
#.........##.........
#.....#...#..........
#..<.................


You could see a sleepcap and a quokka.

Vanquished Creatures
  A centaur (D:3)
  A scorpion (D:4)
  A hound (D:3)
  3 adders
  2 worms (D:4)
  2 dart slugs
  6 orcs
  9 endoplasms
  A giant cockroach (D:1)
  2 hobgoblins
  4 quokkas
  2 ball pythons (D:1)
  8 bats
  6 frilled lizards
  8 goblins
  3 kobolds
  5 rats
64 creatures vanquished.

Notes
Turn   | Place    | Note
-------+----------+-------------------------------------------
     0 | D:1      | Naiya55 the Formicid Fighter began the quest for the Orb.
     0 | D:1      | Reached XP level 1. HP: 18/18 MP: 1/1
   151 | D:1      | Reached XP level 2. HP: 24/24 MP: 2/2
   352 | D:1      | Reached XP level 3. HP: 23/30 MP: 3/3
  1078 | D:2      | Reached XP level 4. HP: 37/37 MP: 4/4
  1273 | D:3      | Found Plog's Assorted Antiques.
  1560 | D:3      | Reached XP level 5. HP: 32/43 MP: 5/5
  1774 | D:3      | Noticed a centaur
  1782 | D:3      | Killed a centaur
  1783 | D:3      | Reached XP level 6. HP: 40/49 MP: 6/6
  2143 | D:4      | Reached skill level 5 in Fighting
  2143 | D:4      | Reached skill level 5 in Axes
  2148 | D:4      | Mangled by a sleepcap

Illustrated notes

Levels and vault maps discovered:
D:1:      kilobyte_arrival_exit_the_forest, layout_rooms
D:2:      layout_basic, nrook_loot_triangle
D:3:      kennysheep_six_static_rooms, layout_basic, serial_shops, shop,
          serial_glass, glass_columns_c, glass_columns_c, glass_columns_c,
          glass_columns_c, glass_columns_b, glass_columns_b, glass_columns_a,
          glass_columns_a
D:4:      layout_rooms, interstate_on_off, uniq_sigmund

Skill      XL: |  1  2  3  4  5  6 |
---------------+-------------------+-----
Axes           | 3 4 5 |  5.3
Fighting       | 4 5 |  5.0
Armour         | |  3.2
Shields        | |  4.0

Action                     |  1- 3 |  4- 6 || total
---------------------------+-------+-------++-------
  Melee: War axe           |    81 |    91 ||   172
 Armour: Scale mail        |    17 |       ||    17
         Chain mail        |    38 |   106 ||   144
  Dodge: Dodged            |    29 |    46 ||    75
  Block: Buckler           |    17 |    28 ||    45

Table legend: (Time is in decaauts)
 A = Elapsed time spent in this place.
 B = Non-inter-level travel time spent in this place.
 C = Inter-level travel time spent in this place.
 D = Time resting spent in this place.
 E = Time spent auto-exploring this place.
 F = Levels seen in this place.
 G = Mean time per level.
                   A        B        C        D        E       F      G
               +--------+--------+--------+--------+--------+-----+--------+
         Total |   2218 |   2118 |    100 |      0 |   1637 |   4 |  554.5 |
       Dungeon |   2218 |   2118 |    100 |      0 |   1637 |   4 |  554.5 |
               +--------+--------+--------+--------+--------+-----+--------+

Top non-repeatable levels by time:
     D:3: 859 daAuts
     D:1: 732 daAuts
     D:2: 571 daAuts
     D:4: 55 daAuts
